 Dungeon Crawl Stone Soup version 0.31.0-11-ge490571c62 (webtiles) character file.

Game seed: 3217483028791657311

11564 PriceMaster the Spear-Bearer (level 11, -7/153 HPs)
             Began as a Minotaur Berserker on Feb 11, 2024.
             Was a Believer of Trog.
             Mangled by a skeletal warrior
             ... wielding a +0 scimitar
              (10 damage)
             ... on level 12 of the Dungeon.
             The game lasted 00:21:57 (9272 turns).

PriceMaster the Spear-Bearer (Minotaur Berserker)   Turns: 9272, Time: 00:21:59

Health: -7/153     AC: 25    Str: 26    XL:     11   Next: 51%
Magic:  3/3        EV:  2    Int:  4    God:    Trog [**....]
Gold:   445        SH:  0    Dex: 10    Spells: 10/10 levels left

rFire   . . .        s - +7 glaive (antimagic)
rCold   . . .        (shield currently unavailable)
rNeg    + . .        i - melded +5 ring mail of Asiffi {Int+3 Dex+2}
rPois   +            (helmet currently unavailable)
rElec   .            M - melded scarf of Macaroni {rC+ rF+, Dex+4}
rCorr   .            N - melded +2 pair of gloves {Dex+3}
SInv    .            y - melded +2 pair of boots
Will    .....        (no amulet)
Stlth   ++++         G - ring of Shadows {Umbra +Inv Stlth+}
HPRegen 0.45/turn    F - ring of positive energy
MPRegen 0.08/turn

%: no passive effects
@: tree-form, on berserk cooldown, very slightly contaminated, slowed, wreathed
by umbra, very slow
A: stationary, stasis, torment immunity, boosted hp, (horns 2), (retaliatory
headbutt), (electricity resistance)
a: Renounce Religion, Evoke Invisibility, Berserk, Trog's Hand


You were on level 12 of the Dungeon.
You worshipped Trog.
Trog was pleased with you.
You were a tree.
You visited 1 branch of the dungeon, and saw 12 of its levels.

You collected 1330 gold pieces.
You spent 885 gold pieces at shops.

Inventory:

Hand Weapons
 s - a +7 antimagic glaive (weapon)
Missiles
 B - 2 throwing nets
Armour
 i - the +5 ring mail of Asiffi (melded) {Int+3 Dex+2}
   (You found it on level 8 of the Dungeon)

   Int+3:     It affects your intelligence (+3).
   Dex+2:     It affects your dexterity (+2).
 l - a +0 ring mail
 m - a +0 scale mail
 o - a scarf of harm
 v - a +0 plate armour
 y - a +2 pair of boots (melded)
 E - a +2 buckler
 M - the scarf of Macaroni (melded) {rC+ rF+, Dex+4}
   (You acquired it on level 11 of the Dungeon)

   Dex+4:     It affects your dexterity (+4).
 N - a +2 pair of gloves of dexterity (melded)
Jewellery
 D - a ring of fire
 F - a ring of positive energy (right branch)
 G - the ring of Shadows (left branch) {Umbra +Inv Stlth+}
   (You bought it in a shop on level 6 of the Dungeon)

   [ring of stealth]

   Umbra:     It surrounds you with an aura of shadow, increasing your stealth
   and reducing the accuracy of all others within it.
   +Inv:      It lets you turn invisible.
   Stlth+:    It makes you more stealthy.
 J - a ring of fire
 P - an amulet of faith
 Q - a ring of ice
Wands
 d - a wand of iceblast (4) (quivered)
 f - a wand of flame (9)
 k - a wand of digging (5)
 q - a wand of acid (2)
 O - a wand of paralysis (4)
Scrolls
 j - 2 scrolls of poison
 p - a scroll of blinking
 r - 5 scrolls of amnesia
 u - a scroll of noise
 z - 3 scrolls of teleportation
 H - a scroll of enchant armour
 I - a scroll of fear
Potions
 x - a potion of magic
 A - 2 potions of enlightenment
 C - 2 potions of berserk rage
 K - 2 potions of degeneration


   Skills:
 * Level 11.1 Fighting
 + Level 6.4(11.1) Axes
 + Level 2.1(4.6) Maces & Flails
 + Level 13.9(14.4) Polearms
 + Level 10.3 Armour
 + Level 4.8 Dodging
 + Level 2.3 Stealth
 + Level 0.4 Shields
 + Level 1.9 Evocations


You had 10 spell levels left.
You didn't know any spells.
Your spell library was empty.

Dungeon Overview and Level Annotations

Branches:
Dungeon (12/15)            Temple (0/1) D:4             Orc (0/2) D:9
   Lair: D:8-11

Altars:
Dithmenos
Hepliaklqana
Nemelex Xobeh
Yredelemnul
The Shining One

Shops:
D:6 *?==[   D:11 [


Innate Abilities, Weirdness & Mutations

You are a tree.
Your roots penetrate the ground, keeping you stationary.
You cannot be teleported.
You are immune to unholy pain and torment.
Your maximum health is greatly increased.
Your equipment is partially melded.
((You have a pair of horns on your head.))
((You reflexively headbutt those who attack you in melee.))
((You are resistant to electric shocks. (rElec)))


Message History

You feel clumsy.
Your roots penetrate the ground.
The skeletal warrior hits you with a +0 scimitar!
The skeletal warrior hits you but does no damage.
You feel better.
Your skin stops crawling.
You feel less strong-willed.
The skeletal warrior hits you with a +0 scimitar!!
* * * LOW HITPOINT WARNING * * *
The skeletal warrior barely misses you.
The skeletal warrior hits you with a +0 scimitar.
* * * LOW HITPOINT WARNING * * *
You are confused.
You feel invigorated.
The skeletal warrior hits you with a +0 scimitar!
* * * LOW HITPOINT WARNING * * *
The skeletal warrior completely misses you.
You swing at nothing.
You flicker back into view.
The skeletal warrior hits you but does no damage.
The skeletal warrior hits you with a +2 heavy trident!
* * * LOW HITPOINT WARNING * * *
The skeletal warrior hits you but does no damage.
You are too injured to fight recklessly!
You cannot move. (Use ctrl+direction or * direction to attack while stationary and confused.)
You cannot move. (Use ctrl+direction or * direction to attack while stationary and confused.)
You cannot move. (Use ctrl+direction or * direction to attack while stationary and confused.)
You cannot move. (Use ctrl+direction or * direction to attack while stationary and confused.)
You cannot move. (Use ctrl+direction or * direction to attack while stationary and confused.)
You attack the rock wall.
You feel less invigorated.
You feel less confused.
The skeletal warrior hits you but does no damage.
The skeletal warrior hits you with a +2 heavy trident!!
* * * LOW HITPOINT WARNING * * *
You slash the skeletal warrior!
The skeletal warrior is severely damaged.
The skeletal warrior hits you with a +0 scimitar!!
* * * LOW HITPOINT WARNING * * *
The skeletal warrior hits you but does no damage.
The skeletal warrior hits you with a +0 scimitar!
You die...

# .## ....
.....
#########......
.......♣z......
.......)z......
...............
...............
..#####........
. +........
#........
#........


You could see 2 skeletal warriors.

Vanquished Creatures
  2 two-headed ogres
  Amaemon (D:9)
  3 skeletal warriors (D:12)
  4 slime creatures (D:9)
  Pikel (D:5)
  An ugly thing (D:11)
  Maurice (D:9)
  An orange demon (D:9)
  An unseen horror (D:11)
  Jeremiah (D:9)
  2 rime drakes (D:11)
  Grinder (D:6)
  Sigmund (D:3)
  A wraith (D:11)
  A vampire (D:11)
  6 yaks (D:9)
  A wyvern (D:11)
  2 black bears
  7 orc warriors
  An ogre (D:7)
  A centaur (D:8)
  2 phantoms
  2 lemures (D:5)
  2 bullfrogs
  2 scorpions
  8 killer bees
  3 howler monkeys
  A bombardier beetle (D:5)
  4 jellies
  4 hounds
  5 orc priests
  A gnoll bouda (D:9)
  Natasha (thrice) (D:3)
  Terence (D:2)
  An iguana (D:5)
  5 orc wizards
  2 sleepcaps (D:5)
  Robin (D:2)
  12 gnolls
  6 adders
  2 shadow imps
  4 white imps
  4 ufetubi
  3 dart slugs (D:3)
  A ribbon worm (D:5)
  26 orcs
  10 bats
  11 endoplasms
  4 giant cockroaches
  13 goblins
  3 hobgoblins
  3 jackals (D:2)
  4 quokkas
  7 ball pythons
  12 kobolds
  3 rats
215 creatures vanquished.

Vanquished Creatures (collateral kills)
  A gnoll sergeant (D:9)
  2 gnolls (D:9)
3 creatures vanquished.

Vanquished Creatures (others)
  4 jackals (D:4)
4 creatures vanquished.

Grand Total: 222 creatures vanquished

Notes
Turn   | Place    | Note
-------+----------+-------------------------------------------
     0 | D:1      | PriceMaster the Minotaur Berserker began the quest for the
                  | Orb.
     0 | D:1      | Reached XP level 1. HP: 19/19 MP: 0/0
    65 | D:1      | Reached XP level 2. HP: 27/27 MP: 1/1
   581 | D:2      | Noticed Terence
   588 | D:2      | Reached XP level 3. HP: 26/33 MP: 2/2
   590 | D:2      | Killed Terence
   813 | D:2      | Noticed Robin
   817 | D:2      | Reached ** piety under Trog
   828 | D:2      | Killed Robin
   829 | D:2      | Reached XP level 4. HP: 26/41 MP: 3/3
  1365 | D:3      | Noticed Sigmund
  1371 | D:3      | Killed Sigmund
  1372 | D:3      | Reached skill level 5 in Axes
  1372 | D:3      | Reached skill level 5 in Armour
  1372 | D:3      | Reached XP level 5. HP: 47/47 MP: 4/4
  1403 | D:3      | Reached XP level 6. HP: 55/55 MP: 5/5
  1438 | D:3      | Noticed Natasha
  1441 | D:3      | Killed Natasha
  1641 | D:3      | Noticed Natasha
  1646 | D:3      | Killed Natasha
  1742 | D:3      | Noticed Natasha
  1746 | D:3      | Killed Natasha
  1993 | D:3      | Found a basalt altar of Yredelemnul.
  1993 | D:3      | Found a sparkling altar of Nemelex Xobeh.
  1993 | D:3      | Found a glowing golden altar of the Shining One.
  1993 | D:3      | Found a shadowy altar of Dithmenos.
  1993 | D:3      | Found a hazy altar of Hepliaklqana.
  1993 | D:3      | Found a glowing golden altar of the Shining One.
  1997 | D:3      | Gained mutation: Your health recovers twice as slowly from
                  | being drained. [potion of mutation]
  1997 | D:3      | Gained mutation: You are partially covered in iridescent
                  | scales. (AC +2) [potion of mutation]
  2218 | D:4      | Reached skill level 2 in Polearms
  2218 | D:4      | Reached XP level 7. HP: 60/60 MP: 6/6
  2546 | D:4      | Reached skill level 3 in Polearms
  2644 | D:4      | Reached skill level 5 in Fighting
  2809 | D:4      | Found a staircase to the Ecumenical Temple.
  2850 | D:4      | Reached skill level 4 in Polearms
  3439 | D:5      | Entered Level 5 of the Dungeon
  3694 | D:5      | Reached skill level 5 in Polearms
  3760 | D:5      | Reached XP level 8. HP: 70/70 MP: 7/7
  3840 | D:5      | Noticed Pikel
  3849 | D:5      | Killed Pikel
  3850 | D:5      | Reached skill level 6 in Polearms
  3977 | D:5      | Reached skill level 7 in Polearms
  4298 | D:6      | Found Meesim's Magic Scroll Shoppe.
  4300 | D:6      | Found Vuenan's Jewellery Boutique.
  4358 | D:6      | Found Efuucs's Jewellery Emporium.
  4378 | D:6      | Found Oriullun's Armour Shop.
  4467 | D:6      | Noticed Grinder
  4470 | D:6      | Killed Grinder
  4471 | D:6      | Reached skill level 8 in Polearms
  4472 | D:6      | Found Uqateto's Assorted Antiques.
  4503 | D:6      | Lost mutation: You are partially covered in iridescent
                  | scales. (AC +2) [potion of mutation]
  4503 | D:6      | Lost mutation: Your health recovers twice as slowly from
                  | being drained. [potion of mutation]
  4503 | D:6      | Gained mutation: You are resistant to electric shocks.
                  | (rElec) [potion of mutation]
  4718 | D:7      | Reached XP level 9. HP: 78/78 MP: 8/8
  5283 | D:8      | Reached skill level 9 in Polearms
  5335 | D:8      | Noticed a two-headed ogre
  5341 | D:8      | Killed a two-headed ogre
  5342 | D:8      | Reached skill level 10 in Polearms
  5550 | D:8      | Identified the +5 ring mail of Asiffi {Int+3 Dex+2}
  5948 | D:9      | Reached skill level 11 in Polearms
  5953 | D:9      | Reached XP level 10. HP: 88/88 MP: 9/9
  6097 | D:9      | Noticed an orange demon
  6098 | D:9      | Noticed Jeremiah
  6099 | D:9      | Noticed Amaemon
  6107 | D:9      | Killed an orange demon
  6130 | D:9      | Killed Amaemon
  6131 | D:9      | Reached skill level 12 in Polearms
  6150 | D:9      | Killed Jeremiah
  6823 | D:9      | Noticed Maurice
  6834 | D:9      | Killed Maurice
  6835 | D:9      | Reached skill level 10 in Armour
  7204 | D:9      | Identified 3 scrolls of acquirement
  7204 | D:9      | Acquired a +7 antimagic glaive
  7519 | D:9      | Found a staircase to the Orcish Mines.
  7527 | D:9      | Reached skill level 1 in Maces & Flails
  7539 | D:9      | Reached skill level 1 in Stealth
  7539 | D:9      | Reached skill level 1 in Evocations
  7758 | D:10     | Entered Level 10 of the Dungeon
  7872 | D:10     | Acquired 724 gold pieces
  7882 | D:10     | Reached XP level 11. HP: 92/99 MP: 3/10
  7885 | D:10     | Reached skill level 10 in Fighting
  8225 | D:6      | Bought the ring of Shadows {Umbra +Inv Stlth+} for 520 gold
                  | pieces
  8225 | D:6      | Found the ring of Shadows {Umbra +Inv Stlth+}
  8454 | D:11     | Reached skill level 13 in Polearms
  8460 | D:11     | Found Mujan's Armour Shoppe.
  8480 | D:11     | Acquired the scarf of Macaroni {rC+ rF+, Dex+4}
  8495 | D:11     | Found a frozen archway.
  8543 | D:11     | Bought a +2 pair of gloves of dexterity for 365 gold pieces
  8603 | D:11     | Noticed a white ugly thing
  8611 | D:11     | Killed a white ugly thing
  8968 | D:11     | Noticed a two-headed ogre
  8975 | D:11     | Killed a two-headed ogre
  9247 | D:12     | Noticed a skeletal warrior
  9247 | D:12     | Noticed a skeletal warrior
  9247 | D:12     | Noticed a skeletal warrior
  9253 | D:12     | Killed a skeletal warrior
  9255 | D:12     | Noticed a skeletal warrior
  9258 | D:12     | Noticed a skeletal warrior
  9260 | D:12     | Killed a skeletal warrior
  9264 | D:12     | Killed a skeletal warrior
  9272 | D:12     | HP: 3/153 [skeletal warrior/+0 scimitar (23)]
  9272 | D:12     | Mangled by a skeletal warrior

Illustrated notes

Levels and vault maps discovered:
D:1:      onia_arrival_pentagram, layout_rooms
D:2:      layout_rooms, uniq_robin, uniq_terence
D:3:      cheibrodos_fertilizer, layout_loops_ring, uniq_sigmund, uniq_natasha
D:4:      layout_layer_cave, lemuel_temple_firewalk_b,
          amcnicky_mini_rare_corridor_liquid
D:5:      layout_layer_cave, uniq_pikel
D:6:      layout_cave_pools, serial_shops, shop, nicolae_shop_peninsula,
          nicolae_shop_trees, nicolae_shop_tiny_statue_garden, shop,
          uniq_grinder
D:7:      layout_loops_cross
D:8:      layout_cave_pools
D:9:      layout_basic, david_orc_5, onia_ninara_dug_in_and_dangerous,
          uniq_jeremiah, uniq_amaemon, uniq_maurice
D:10:     cheibrodos_shockbox, layout_basic, grunt_dithmenos_smoke, tgw_fedhas,
          lair_entry_dummy, nicolae_trove_entry_free_sample,
          minmay_curled_crystal, nicolae_alphabet_shops, uniq_snorg, uniq_grum,
          uniq_lodul, uniq_joseph
D:11:     layout_stronghold, portal_ice_cave_rime, serial_shops,
          nicolae_shop_tiny_glass
D:12:     layout_irregular_city, uniq_frances

Skill      XL: |  1  2  3  4  5  6  7  8  9 10 11 |
---------------+----------------------------------+-----
Fighting       | 4 5 6 8 9 11 | 11.1
Axes           | 4 5 6 |  6.4
Armour         | 3 5 6 8 9 10 | 10.3
Polearms       | 2 5 8 11 12 13 | 13.9
Dodging        | 4 |  4.8
Maces & Flails | 2 |  2.1
Stealth        | 1 2 |  2.3
Evocations     | 1 |  1.9
Shields        | |  0.4

Action                     |  1- 3 |  4- 6 |  7- 9 | 10-12 || total
---------------------------+-------+-------+-------+-------++-------
  Melee: Hand axe          |    51 |    33 |       |       ||    84
         Headbutt          |     8 |     7 |    16 |    20 ||    51
         Halberd           |       |    39 |   155 |    33 ||   227
         Glaive            |       |       |       |   123 ||   123
         Demon whip        |       |       |       |    26 ||    26
 Invoke: Berserk           |       |     5 |    11 |     7 ||    23
         Trog's Hand       |       |     4 |    10 |    11 ||    25
Ability: Evoke Invisibilit |       |       |       |     3 ||     3
  Evoke: Wand              |     1 |       |       |     9 ||    10
    Use: Potion            |     3 |     1 |     1 |    14 ||    19
         Scroll            |       |       |     9 |    19 ||    28
   Stab: Paralysed         |       |       |       |     1 ||     1
         Invisible         |       |       |       |     4 ||     4
 Armour: Leather armour    |    19 |       |       |       ||    19
         Animal skin       |     2 |       |       |       ||     2
         Ring mail         |     8 |       |     9 |   121 ||   138
         Scale mail        |    15 |    18 |       |       ||    33
         Plate armour      |       |    57 |   164 |       ||   221
         Skin              |       |       |       |    43 ||    43
  Dodge: Dodged            |    27 |    28 |    74 |    82 ||   211
  Block: Buckler           |       |       |       |     5 ||     5
